AoeStats
← ska_18

Nomad

503117742Analyzed
3v3 RM · 1mo ago on Aug 30, 2026· 64m 32s· 6 players
Game mode
Random Map
Map size
210×210
Population
200
Speed
Normal
Resources
Standard
Victory
Conquest
Starting age
Dark Age
Ending age
Imperial Age
RankedLock teamsTeams togetherTeam positionsShared explorationLock speedFull tech treeHidden civsTurbo modeCheats
Victory
Defeat
🇦🇹 Saracens · Austria
1055
+13
🇧🇾 Franks · Belarus
979
+17
🇩🇪 Persians · Germany
920
+20
🇮🇳 Gurjaras · India
1025
-18
🇮🇳 Spanish · India
1023
-18
🇮🇳 Aztecs · India
949
-14
Ezer
5:49 Loom
18:07 Feudal Age
20:33 Double-Bit Axe
22:51 Castle Age
22:09 Gold Mining
22:12 Stone Mining
24:16 Husbandry
24:28 Forging
24:24 Scale Barding Armor
25:46 Iron Casting
33:51 Wheelbarrow
34:13 Fletching
44:52 Pikeman
46:36 Squires
46:41 Scale Mail Armor
48:10 Chain Mail Armor
59:39 Imperial Age
57:25 Hand Cart
56:57 Town Watch
58:21 Gambesons
58:23 Arson
60:39 Gold Shaft Mining
60:17 Bow Saw
60:10 Halberdier
60:43 Capped Ram
62:54 Plate Mail Armor
63:40 Blast Furnace
ska_18
3:04 Loom
15:09 Feudal Age
21:05 Castle Age
19:06 Fletching
19:41 Double-Bit Axe
19:37 Horse Collar
19:49 Gold Mining
22:08 Town Watch
22:38 Bow Saw
23:04 Wheelbarrow
22:21 Fishing Lines
23:24 Stone Mining
25:41 Heavy Plow
25:36 Gillnets
27:02 Gold Shaft Mining
27:23 Bodkin Arrow
29:21 Hand Cart
29:48 Forging
29:44 Scale Barding Armor
32:04 Iron Casting
32:07 Chain Barding Armor
31:56 Murder Holes
31:43 Treadmill Crane
34:44 Bimaristan
35:46 Masonry
35:47 Fortified Wall
35:57 Ballistics
39:03 Imperial Age
36:58 Town Patrol
38:16 Bloodlines
38:06 Husbandry
37:27 Light Cavalry
39:08 Fervor
39:19 Sanctity
40:47 Chemistry
40:08 Conscription
40:24 Hoardings
42:10 Coinage
43:09 Blast Furnace
42:45 Plate Barding Armor
43:43 Two-Man Saw
42:45 Bracer
43:37 Elite Mameluke
47:15 Banking
47:21 Siege Engineers
48:17 Hussar
49:56 Herbal Medicine
50:23 Arrowslits
50:29 Guard Tower
50:53 Clinker Construction
50:54 Careening
52:24 Capped Ram
53:52 Medium Warships
53:03 Demolition Ship
53:03 Elite Cannon Galleon
55:50 Caravan
56:18 Heavy Warships
55:13 Heavy Demolition Ship
56:25 Heavy Warships
56:21 Devotion
57:00 Keep
56:46 Dry Dock
56:48 Carvel Hull
56:52 Dry Dock
56:37 Siphons
58:10 Scale Mail Armor
57:31 Pikeman
58:12 Squires
57:57 Gambesons
57:58 Arson
Kanister38
6:59 Loom
17:26 Feudal Age
22:16 Forging
22:11 Scale Barding Armor
21:58 Fletching
22:50 Bloodlines
22:44 Padded Archer Armor
23:18 Gold Mining
30:23 Scale Mail Armor
35:11 Castle Age
35:43 Double-Bit Axe
35:41 Horse Collar
36:05 Pikeman
37:38 Gold Shaft Mining
36:53 Stone Mining
36:35 Elite Skirmisher
37:20 Thumb Ring
37:20 Husbandry
37:40 Bow Saw
37:15 Fishing Lines
37:46 Gillnets
38:23 Heavy Plow
41:19 Stone Shaft Mining
45:33 Wheelbarrow
44:58 Bodkin Arrow
45:39 Iron Casting
45:26 Chain Barding Armor
46:34 Hand Cart
51:36 Imperial Age
51:17 Elite War Elephant
52:18 Conscription
52:09 Citadels
53:54 Crop Rotation
54:32 Blast Furnace
54:08 Plate Barding Armor
54:10 Town Watch
56:33 Two-Man Saw
56:07 Caravan
59:35 Hoardings
61:50 Kamandaran
61:38 Light Cavalry
62:49 Ballistics
63:29 Chemistry
I like villager
3:39 Loom
13:30 Feudal Age
16:05 Town Watch
17:17 Wheelbarrow
21:28 Forging
21:19 Scale Mail Armor
26:58 Castle Age
25:10 Gold Mining
25:11 Stone Mining
25:33 Arson
27:47 Elite Skirmisher
54:18 Pikeman
54:21 Eagle Warrior
56:42 Squires
56:28 Gambesons
58:55 Pikeman
Miss.Dreavus
9:29 Loom
15:55 Feudal Age
22:18 Castle Age
20:30 Double-Bit Axe
21:30 Scale Barding Armor
23:30 Chain Barding Armor
23:21 Forging
25:11 Husbandry
25:22 Bloodlines
26:26 Iron Casting
32:33 Horse Collar
44:45 Imperial Age
47:24 Conscription
48:06 Plate Barding Armor
50:53 Elite Shrivamsha Rider
52:51 Heavy Camel Rider
54:16 Scale Mail Armor
55:45 Kshatriyas
59:22 Fortified Wall
59:51 Murder Holes
60:17 Masonry
62:50 Light Cavalry
63:29 Hussar
I like sheep
13:43 Feudal Age
14:48 Man-at-Arms
16:30 Scale Mail Armor
16:22 Double-Bit Axe
19:24 Wheelbarrow
20:47 Scale Barding Armor
22:51 Castle Age
23:39 Scale Barding Armor
24:11 Fletching
24:44 Chain Barding Armor
25:40 Bloodlines
29:33 Horse Collar
31:35 Forging
32:53 Iron Casting
33:12 Fletching
32:53 Elite Skirmisher
34:21 Heavy Plow
34:37 Bow Saw
34:32 Bodkin Arrow
35:47 Loom
40:01 Imperial Age
37:56 Thumb Ring
38:43 Heavy Plow
41:45 Chemistry
40:33 Cavalier
41:38 Conscription
42:26 Ballistics
42:09 Gold Mining
42:45 Bracer
42:46 Padded Archer Armor
44:55 Plate Barding Armor
45:32 Leather Archer Armor
47:02 Redemption
48:01 Ring Archer Armor
59:52 Chain Mail Armor
59:38 Pikeman
61:16 Husbandry
Connection lost

Rejoining the realm…

Still unreachable

The connection could not be restored.

Session expired

The server has moved on; the page needs a fresh start.